 Dungeon Crawl Stone Soup version 0.31-a0-692-gf03d1854d5 (webtiles) character file.

Game seed: 4400645560006826950

143 qw the Shooter (level 5, -1/32 HPs)
             Began as a Gargoyle Hunter on Sept 6, 2023.
             Slain by Edmund
             ... wielding a +2 flail of protection
              (3 damage)
             ... on level 4 of the Dungeon.
             The game lasted 00:00:54 (2497 turns).

qw the Shooter (Gargoyle Hunter)                    Turns: 2497, Time: 00:00:55

Health: -1/32      AC: 10    Str: 14    XL:     5   Next: 25%
Magic:  5/5        EV: 13    Int: 16    God:
Gold:   78         SH:  0    Dex: 24    Spells: 4/4 levels left

rFire   . . .        Y - +1 shortbow
rCold   . . .        (shield currently unavailable)
rNeg    + . .        e - +2 leather armour "Dyudoy" {Will+ Dex+5}
rPois   inf          d - +0 helmet
rElec   +            (no cloak)
rCorr   .            (no gloves)
SInv    .            (no boots)
Will    +....        a - amulet "Daitog" {Faith Fragile Int+6 Dex+4}
Stlth   ++           (no ring)
HPRegen 0.25/turn    (no ring)
MPRegen 0.09/turn

%: faith
@: no status effects
A: sickness immunity, AC +4, negative energy resistance 1, electricity
resistance, torment resistance 1, petrification resistance
a: no special abilities


You were on level 4 of the Dungeon.
You visited 1 branch of the dungeon, and saw 4 of its levels.

You collected 123 gold pieces.
You spent 45 gold pieces at shops.


Innate Abilities, Weirdness & Mutations

You are immune to sickness and miasma.
Your stone body is resilient. (AC +4)
You are immune to poison.
You resist negative energy. (rN+)
You are resistant to electric shocks. (rElec)
You are resistant to unholy torment.
You are immune to petrification.


   Skills:
 - Level 3.2 Fighting
 + Level 5.5 Ranged Weapons
 - Level 2.3 Dodging
 - Level 1.1 Stealth


You had 4 spell levels left.
You didn't know any spells.
Your spell library was empty.

Inventory:

Hand Weapons
 Y - a +1 shortbow (weapon)
Armour
 d - a +0 helmet (worn)
 e - the +2 leather armour "Dyudoy" (worn) {Will+ Dex+5}
   (You found it on level 3 of the Dungeon)

   Dex+5:     It affects your dexterity (+5).
   Will+:     It increases your willpower.
Jewellery
 a - the amulet "Daitog" (around neck) {Faith Fragile Int+6 Dex+4}
   (You acquired it on level 3 of the Dungeon)

   [amulet of faith]

   Faith:     It allows you to gain divine favour quickly.
   Int+6:     It affects your intelligence (+6).
   Dex+4:     It affects your dexterity (+4).
   Fragile:   It will be destroyed if unequipped.
Scrolls
 b - a scroll of identify
 c - a scroll of fear {unknown}
Potions
 f - a potion of curing
 i - 2 potions of haste
 l - a potion of lignification {unknown}
 m - a potion of resistance {unknown}

Dungeon Overview and Level Annotations

Branches:
Dungeon (4/15)
 Temple: D:4-7

Altars:
Trog

Shops:
D:3 [   D:4 !

Annotations:
D:4 1 runed translucent door, Edmund; qw's ghost, amateur GrHu


Message History

Edmund is lightly wounded.
Edmund hits you with a +2 flail of protection!
You shoot an arrow. The arrow hits Edmund.
Edmund is moderately wounded.
Edmund hits you with a +2 flail of protection.
The ball python bites you but does no damage.
The ball python barely misses you.
You shoot an arrow.
The arrow hits Edmund but does no damage.
Edmund is moderately wounded.
Edmund gestures with his flail.
Edmund closely misses you. The ball python closely misses you.
The ball python completely misses you. Edmund hits you but does no damage.
You shoot an arrow.
The arrow hits Edmund but does no damage.
Edmund is moderately wounded.
The ball python barely misses you. The ball python closely misses you.
The ball python barely misses you. The ball python grabs you.
The ball python constricts you.
Edmund hits you with a +2 flail of protection!
You shoot an arrow.
The arrow barely misses the ball python.
The ball python bites you but does no damage.
The ball python constricts you. Edmund barely misses you.
You shoot an arrow. The arrow hits the ball python.
You kill the ball python!
Edmund hits you with a +2 flail of protection!
You shoot an arrow. The arrow barely misses Edmund.
Edmund hits you but does no damage.
You shoot an arrow. The arrow hits Edmund.
Edmund is moderately wounded.
Edmund hits you with a +2 flail of protection.
You shoot an arrow. The arrow closely misses Edmund.
Edmund barely misses you.
You shoot an arrow.
The arrow hits Edmund but does no damage.
Edmund is moderately wounded.
Edmund hits you with a +2 flail of protection.
You die...
Edmund says, "That'll show my brother!"

##..............#
...##...........###
..... ##.>##.....#
..... #.........##
..... ..#......###
....# .###.#.....#
..... .#..#....##
....# .....#.....#
%.... ..###...@.##
#.... .......@#.#
..... .......###
..... .....### ..
.# ..... .. .... ..
... .. ... ..


You could see Edmund.

Vanquished Creatures
  An iguana (D:4)
  4 adders
  A white imp (D:4)
  3 worms
  3 dart slugs
  7 ball pythons
  6 endoplasms
  2 giant cockroaches (D:2)
  2 goblins (D:1)
  8 hobgoblins
  5 jackals
  2 quokkas
  5 bats
  2 frilled lizards (D:2)
  3 kobolds
  6 rats
60 creatures vanquished.

Notes
Turn   | Place    | Note
-------+----------+-------------------------------------------
     0 | D:1      | qw the Gargoyle Hunter began the quest for the Orb.
     0 | D:1      | Reached XP level 1. HP: 12/12 MP: 1/1
     0 | D:1      | 0 ||| qw: Version: 0.3-a-76-g4403597
     0 | D:1      | 0 ||| qw: Game counter: 281
     0 | D:1      | 0 ||| qw: Melee chars always use a shield: true
     0 | D:1      | 0 ||| qw: God list: Okawaru
     0 | D:1      | 0 ||| qw: Allow faded altars: false
     0 | D:1      | 0 ||| qw: Do Orc after clearing Dungeon:15 true
     0 | D:1      | 0 ||| qw: Do second Lair branch before Depths: true
     0 | D:1      | 0 ||| qw: Lair rune preference: random
     0 | D:1      | 0 ||| qw: Goals: Normal
     0 | D:1      | 0 ||| PLANNING D:1-11
    93 | D:1      | Reached XP level 2. HP: 17/17 MP: 2/2
   289 | D:1      | Found a faded altar of an unknown god.
   480 | D:1      | 480 ||| READING scroll labelled BEPTOE WAEMAUS.
   481 | D:1      | 481 ||| DROPPING scroll of butterflies.
   515 | D:2      | Reached skill level 5 in Ranged Weapons
   515 | D:2      | Reached XP level 3. HP: 17/21 MP: 3/3
   581 | D:2      | 581 ||| Stepping ~*~*~tactically~*~*~ (outnumbered).
  1059 | D:2      | Reached skill level 3 in Fighting
  1059 | D:2      | Reached XP level 4. HP: 28/28 MP: 4/4
  1115 | D:2      | Found a bloodstained altar of Trog.
  1647 | D:2      | 1647 ||| UPGRADING to amulet of guardian spirit.
  1652 | D:2      | 1652 ||| READING scroll labelled RAULUA DEIH.
  1653 | D:2      | 1653 ||| READING scroll labelled EDECOR CAOZYAL.
  1654 | D:2      | 1654 ||| READING scroll labelled LOUNKI KUON.
  1655 | D:2      | 1655 ||| READING scroll labelled CIETOAXKENK.
  1656 | D:2      | 1656 ||| READING 4 scrolls labelled HICOATOCOZ.
  1675 | D:2      | 1675 ||| DRINKING 2 grey potions.
  1676 | D:2      | 1676 ||| DRINKING 2 sedimented brown potions.
  1677 | D:2      | 1677 ||| READING 4 scrolls of identify.
  1677 | D:2      | 1677 ||| IDENTIFYING metallic golden potion
  1678 | D:2      | 1678 ||| READING 3 scrolls of identify.
  1678 | D:2      | 1678 ||| IDENTIFYING black potion
  1679 | D:2      | 1679 ||| DROPPING potion of degeneration.
  1680 | D:2      | 1680 ||| DROPPING potion of attraction.
  1681 | D:2      | 1681 ||| DROPPING 3 scrolls of torment.
  1729 | D:3      | Found Kioxuoris's Armour Emporium.
  1735 | D:3      | 1735 ||| BUYING +0 helmet (45 gold).
  1735 | D:3      | Bought a +0 helmet for 45 gold pieces
  1735 | D:3      | 1735 ||| SHOPLISTING +0 ring mail (40 gold, have 3).
  1735 | D:3      | 1735 ||| SHOPLISTING +1 leather armour of Agoixad {rElec
                  | rC++ Regen+ Dex+2} (427 gold, have 3).
  1735 | D:3      | 1735 ||| SHOPLISTING +2 helmet of see invisible (215 gold,
                  | have 3).
  1739 | D:3      | Identified the +2 leather armour "Dyudoy" {Will+ Dex+5}
  2282 | D:3      | 2282 ||| UPGRADING to +0 helmet.
  2287 | D:3      | 2287 ||| UPGRADING to +2 leather armour "Dyudoy" {Will+
                  | Dex+5}.
  2297 | D:3      | 2297 ||| DROPPING +0 leather armour.
  2298 | D:3      | 2298 ||| READING scroll labelled SAR TESCHOCE.
  2302 | D:3      | 2302 ||| READING scroll labelled ZOTORU QI RIF.
  2302 | D:3      | Identified a scroll of acquirement
  2302 | D:3      | 2302 ||| ACQUIRING amulet "Daitog" {Faith Fragile Int+6
                  | Dex+4}
  2302 | D:3      | Acquired the amulet "Daitog" {Faith Fragile Int+6 Dex+4}
  2304 | D:3      | 2304 ||| UPGRADING to amulet "Daitog" {Faith Fragile Int+6
                  | Dex+4}.
  2314 | D:3      | 2314 ||| DROPPING amulet of guardian spirit.
  2315 | D:3      | 2315 ||| READING 3 scrolls of identify.
  2315 | D:3      | 2315 ||| IDENTIFYING red potion
  2316 | D:3      | 2316 ||| READING 2 scrolls of identify.
  2316 | D:3      | 2316 ||| IDENTIFYING green potion
  2317 | D:3      | 2317 ||| DROPPING potion of magic.
  2318 | D:3      | 2318 ||| DROPPING potion of brilliance.
  2343 | D:4      | Found Kesibb's Distillery.
  2354 | D:4      | 2354 ||| SHOPLISTING 2 potions of heal wounds (130 gold,
                  | have 36).
  2354 | D:4      | 2354 ||| SHOPLISTING potion of curing (39 gold, have 36).
  2354 | D:4      | 2354 ||| SHOPLISTING potion of haste (130 gold, have 36).
  2396 | D:4      | Reached XP level 5. HP: 32/32 MP: 5/5
  2450 | D:4      | Found a runed translucent door.
  2455 | D:4      | Noticed qw's ghost (amateur GrHu)
  2482 | D:4      | Noticed Edmund
  2493 | D:4      | HP: 3/32 [Edmund/+2 flail of protection (7)]
  2497 | D:4      | Slain by Edmund

Levels and vault maps discovered:
D:1:      minmay_arrival_semitransparent, layout_basic,
          shapermc_ecumenical_altar_mp_urbaneastern
D:2:      layout_basic, basic_altar, corexii_corridor_pit
D:3:      layout_loops_ring, serial_shops, nicolae_shop_crystal,
          corexii_item_surrounded_by_moat, minmay_misc_feat_four_crosses,
          corexii_shack
D:4:      layout_cave_pools, grunt_temple_overflow_gold_and_silver,
          mainiacjoe_overflow_brackets, ebering_ghost_reflecting_pool,
          serial_shops, nicolae_stop_n_shop_2, uniq_edmund

Skill      XL: |  1  2  3  4 |
---------------+-------------+-----
Ranged Weapons | 5 |  5.5
Fighting       | 3 |  3.2
Dodging        | 2 |  2.3
Stealth        | |  1.1

Action                     |  1- 3 |  4- 6 || total
---------------------------+-------+-------++-------
   Fire: Shortbow          |   114 |    83 ||   197
    Use: Scroll            |     1 |    11 ||    12
         Potion            |       |     2 ||     2
 Armour: Leather armour    |    49 |    21 ||    70
  Dodge: Dodged            |    39 |    18 ||    57

Table legend:
 A = Non-vault XP
 B = Vault XP
 C = Vault XP percentage of total XP
 D = Non-vault monster count
 E = Vault monster count
 F = Vault count percentage of total count
                 A         B        C        D         E       F
            +---------+---------+-------+---------+---------+-------
      Total |     203 |       2 |   1.0 |      59 |       1 |   1.7
            +---------+---------+-------+---------+---------+-------
        D:1 |      29 |       0 |   0.0 |      17 |       0 |   0.0
        D:2 |      61 |       0 |   0.0 |      19 |       0 |   0.0
        D:3 |      42 |       2 |   4.5 |      13 |       1 |   7.1
        D:4 |      71 |       0 |   0.0 |      10 |       0 |   0.0
            +---------+---------+-------+---------+---------+-------
